 Dungeon Sprint DCSS version 0.30-a0-1161-g0704695555 (webtiles) character file.

Game seed: 13896190517948047190

489399 BigDaddyOpFi the Invulnerable (level 19, 221/221 HPs)
             Began as an Armataur Fighter on Apr 27, 2023.
             Was the Champion of Qazlal.
             Escaped with the Orb!
             The game lasted 00:11:44 (3517 turns).

BigDaddyOpFi the Invulnerable (Armataur Fighter)    Turns: 3517, Time: 00:11:45

Health: 221/221    AC: 42    Str: 38    XL:     19   Next: 25%
Magic:  36/36      EV: 15    Int: 12    God:    Qazlal [******]
Gold:   0          SH: 44    Dex: 14    Spells: 18/18 levels left

rFire   . . .        E - +16 obsidian axe {drain, demonic, Mesm Drain Fly SInv}
rCold   . . .        F - +18 shield of the Gong {Loud rN+ Will+ rCorr EV-5}
rNeg    + + .        D - +15 Maxwell's patent armour {-Cast -Tele rElec Will+ rCorr}
rPois   .            I - +1 hat "Dexzur" {Dex+3}
rElec   +            M - +0 cloak of Unambiguity {Rampage rCorr}
rCorr   +            H - +2 pair of gloves {Str+3}
SInv    +            (no barding)
Will    +++++        L - macabre finger necklace {Finger+ rN+} Stlth
                     a - +4 ring of slaying
HPRegen 0.56/turn    P - ring "Wakiutti" {rElec EV+5 Slay+2}
MPRegen 0.25/turn    O - ring "Zeufar" {Will++ Str+6 Int+4 SInv}

%: no teleportation, no spellcasting, repel missiles, roll
@: flying, studying 5 skills
A: large, rugged brown scales 3, deformed body, armoured tail, roll, long
tongue, awkward tongue
0: Orb of Zot
a: Renounce Religion, Upheaval, Elemental Force, Disaster Area


You escaped.
You worshipped Qazlal.
Qazlal was exalted by your worship.
You visited 1 branch

Inventory:

Hand Weapons
 E - the +16 obsidian axe (weapon) {drain, demonic, Mesm Drain Fly SInv}
   (You found it in the Dungeon)

   Mesm:      Its wielder is mesmerised by any visible foes, and it cannot be
   unequipped while any foes are visible.
   SInv:      It lets you see invisible.
   Fly:       It grants you flight.
   Drain:     It drains your maximum health when unequipped.
Armour
 D - the +15 Maxwell's patent armour (worn) {-Cast -Tele rElec Will+ rCorr}
   (You found it in the Dungeon)

   rElec:     It insulates you from electricity.
   -Cast:     It prevents spellcasting.
   -Tele:     It prevents most forms of teleportation.
   rCorr:     It protects you from acid and corrosion.
   Will:      It increases your willpower.
 F - the +18 shield of the Gong (worn) {Loud rN+ Will+ rCorr EV-5}
   (You found it in the Dungeon)

   Loud:      It is deafeningly noisy when blocking attacks.
   EV:        It affects your evasion (-5).
   rN:        It protects you from negative energy.
   rCorr:     It protects you from acid and corrosion.
   Will:      It increases your willpower.
 H - a +2 pair of gloves of strength (worn)
 I - the +1 hat "Dexzur" (worn) {Dex+3}
   (You found it in the Dungeon)

   Dex:       It affects your dexterity (+3).
 M - the +0 cloak of Unambiguity (worn) {Rampage rCorr}
   (You found it in the Dungeon)

   rCorr:     It protects you from acid and corrosion.
   Rampage:   It bestows one free step when moving towards enemies.
Jewellery
 a - a +4 ring of slaying (left hand)
 c - a ring of protection from fire
 n - an amulet of the acrobat
 v - an amulet of regeneration
 w - a ring of see invisible
 x - a ring of willpower
 y - the ring "Jiabli" {rN+ EV+5 Int+3 Stlth+}
   (You found it in the Dungeon)

   [ring of evasion]

   EV:        It affects your evasion (+5).
   Int:       It affects your intelligence (+3).
   rN:        It protects you from negative energy.
   Stlth:     It makes you more stealthy.
 z - the ring of the Dowdy God {*Corrode rPois rF+ Will+ Dex+3}
   (You took it off a naga warrior in the Dungeon)

   [ring of willpower]

   Dex:       It affects your dexterity (+3).
   rF:        It protects you from fire.
   rPois:     It protects you from poison.
   *Corrode:  It may corrode you when you take damage.
   Will:      It increases your willpower.
 A - a +6 ring of dexterity
 B - the ring of Soumujak {Fly rCorr Str+5}
   (You took it off a daeva in the Dungeon)

   [ring of flight]

   Str:       It affects your strength (+5).
   Fly:       It grants you flight.
   rCorr:     It protects you from acid and corrosion.
 J - a +5 ring of evasion
 K - a +5 ring of evasion
 L - the macabre finger necklace (around neck) {Finger+ rN+}
   (You found it in the Dungeon)

   [amulet of nothing]

   Finger+:   It enables you to equip an extra ring.
   rN:        It protects you from negative energy.
 O - the ring "Zeufar" (on amulet) {Will++ Str+6 Int+4 SInv}
   (You found it in the Dungeon)

   [ring of strength]

   Str:       It affects your strength (+6).
   Int:       It affects your intelligence (+4).
   SInv:      It lets you see invisible.
   Will:      It greatly increases your willpower.
 P - the ring "Wakiutti" (right hand) {rElec EV+5 Slay+2}
   (You took it off a green draconian in the Dungeon)

   [ring of evasion]

   EV:        It affects your evasion (+5).
   Slay:      It affects your accuracy & damage with ranged weapons and melee
   (+2).
   rElec:     It insulates you from electricity.
 Q - a ring of poison resistance
 S - a ring of fire
 T - a +5 ring of evasion
 U - an amulet of faith
 V - a +5 ring of evasion
 W - a ring of fire
 Y - the ring of the King {Ice rElec}
   (You found it in the Dungeon)

   [ring of ice]

   It enhances your ice magic.
   rF:        It makes you vulnerable to fire.
   rC:        It protects you from cold.
   rElec:     It insulates you from electricity.
Wands
 s - a wand of mindburst (53)
 t - a wand of iceblast (88)
 u - a wand of light (47)
 C - a wand of charming (57)
 G - a wand of flame (127)
 N - a wand of digging (25)
 R - a wand of polymorph (27)
Scrolls
 b - 8 scrolls of enchant armour
 j - 4 scrolls of blinking
 o - 4 scrolls of amnesia
 p - 9 scrolls of fog
 q - 5 scrolls of identify
 r - 2 scrolls of fear
 X - 6 scrolls of brand weapon
Potions
 d - 9 potions of might
 e - 9 potions of curing
 f - 7 potions of heal wounds
 g - 18 potions of haste
 h - 5 potions of magic
 i - 3 potions of berserk rage
 k - 2 potions of brilliance
 l - 2 potions of invisibility
 m - 4 potions of resistance
Miscellaneous
 Z - a tin of tremorstones (2/2)


   Skills:
 O Level 27 Fighting
 O Level 27 Axes
 O Level 27 Armour
 * Level 17.8 Dodging
 O Level 27 Shields
 O Level 27 Invocations
 O Level 27 Evocations


You had 18 spell levels left.
You didn't know any spells.
Your spell library contained the following spells:

 Spells                   Type           Power      Damage    Failure   Level
 Beastly Appendage        Tmut           0%         N/A       58%         1
 Foxfire                  Conj/Fire      0%         2x1d4     58%         1
 Kiss of Death            Conj/Necr      0%         2d5       58%         1
 Magic Dart               Conj           0%         1d3       58%         1
 Sandblast                Erth           0%         2d4       58%         1
 Slow                     Hex            0%         N/A       58%         1
 Summon Small Mammal      Summ           0%         N/A       58%         1
 Call Imp                 Summ           0%         N/A       73%         2
 Ensorcelled Hibernation  Hex/Ice        0%         N/A       73%         2
 Lesser Beckoning         Tloc           0%         N/A       73%         2
 Passwall                 Tmut/Erth      0%         N/A       73%         2
 Scorch                   Fire           0%         2d5       73%         2
 Sublimation of Blood     Necr           0%         N/A       73%         2
 Wereblood                Tmut           0%         N/A       73%         2
 Call Canine Familiar     Summ           0%         N/A       91%         3
 Confusing Touch          Hex            0%         N/A       91%         3
 Dazzling Flash           Conj/Hex       0%         N/A       91%         3
 Frozen Ramparts          Ice            0%         1d1       91%         3
 Gell's Gravitas          Tloc           0%         N/A       91%         3
 Hailstorm                Conj/Ice       0%         3d3       91%         3
 Ignite Poison            Fire/Tmut/Pois 0%         N/A       91%         3
 Inner Flame              Hex/Fire       0%         N/A       91%         3
 Mephitic Cloud           Conj/Pois/Air  0%         N/A       91%         3
 Ozocubu's Armour         Ice            0%         N/A       91%         3
 Spider Form              Tmut/Pois      0%         N/A       91%         3
 Stone Arrow              Conj/Erth      0%         3d7       91%         3
 Summon Guardian Golem    Hex/Summ       0%         N/A       91%         3
 Swiftness                Air            0%         N/A       91%         3
 Teleport Other           Tloc           0%         N/A       91%         3
 Vhi's Electric Charge    Tloc/Air       0%         N/A       91%         3
 Volatile Blastmotes      Fire/Tloc      0%         2d10      91%         3
 Anguish                  Hex/Necr       0%         N/A       100%        4
 Animate Armour           Summ/Erth      0%         N/A       100%        4
 Animate Dead             Necr           0%         N/A       100%        4
 Cause Fear               Hex            0%         N/A       100%        4
 Dispel Undead            Necr           0%         3d6       100%        4
 Flame Wave               Conj/Fire      0%         2d4       100%        4
 Fulminant Prism          Conj/Hex       0%         3d5       100%        4
 Ice Form                 Ice/Tmut       0%         N/A       100%        4
 Leda's Liquefaction      Hex/Erth       0%         N/A       100%        4
 Manifold Assault         Tloc           0%         N/A       100%        4
 Olgreb's Toxic Radiance  Pois           0%         N/A       100%        4
 Passage of Golubria      Tloc           0%         N/A       100%        4
 Petrify                  Tmut/Erth      0%         N/A       100%        4
 Sticky Flame             Conj/Fire      0%         2d3       100%        4
 Summon Ice Beast         Ice/Summ       0%         N/A       100%        4
 Summon Lightning Spire   Summ/Air       0%         N/A       100%        4
 Agony                    Necr           0%         N/A       100%        5
 Alistair's Intoxication  Tmut/Pois      0%         N/A       100%        5
 Arcjolt                  Conj/Air       0%         1d10      100%        5
 Blade Hands              Tmut           0%         N/A       100%        5
 Borgnjor's Vile Clutch   Necr/Erth      0%         N/A       100%        5
 Fireball                 Conj/Fire      0%         3d3       100%        5
 Freezing Cloud           Conj/Ice/Air   0%         6-21      100%        5
 Irradiate                Conj/Tmut      0%         3d11      100%        5
 Iskenderun's Battlesphe  Conj           0%         2d6       100%        5
 Lee's Rapid Deconstruct  Erth           0%         3d4*      100%        5
 Metabolic Englaciation   Hex/Ice        0%         N/A       100%        5
 Silence                  Hex/Air        0%         N/A       100%        5
 Summon Forest            Summ/Tloc      0%         N/A       100%        5
 Summon Mana Viper        Hex/Summ       0%         N/A       100%        5
 Yara's Violent Unravell  Hex/Tmut       0%         3d3       100%        5
 Conjure Ball Lightning   Conj/Air       0%         3x3d6     100%        6
 Death Channel            Necr           0%         N/A       100%        6
 Dispersal                Tloc           0%         N/A       100%        6
 Eringya's Noxious Bog    Tmut/Pois      0%         N/A       100%        6
 Iron Shot                Conj/Erth      0%         9d1       100%        6
 Plasma Beam              Fire/Air       0%         2x1d11    100%        6
 Simulacrum               Ice/Necr       0%         N/A       100%        6
 Starburst                Conj/Fire      0%         6d3       100%        6
 Statue Form              Tmut/Erth      0%         N/A       100%        6
 Summon Cactus Giant      Summ           0%         N/A       100%        6
 Dragon Form              Tmut           0%         N/A       100%        7
 Enfeeble                 Hex            0%         N/A       100%        7
 Malign Gateway           Summ/Tloc      0%         N/A       100%        7
 Orb of Destruction       Conj           0%         9d5       100%        7
 Ozocubu's Refrigeration  Ice            0%         4d7       100%        7
 Spellforged Servitor     Conj/Summ      0%         N/A       100%        7
 Storm Form               Tmut/Air       0%         N/A       100%        7
 Summon Hydra             Summ           0%         N/A       100%        7
 Borgnjor's Revivificati  Necr           0%         N/A       100%        8
 Discord                  Hex            0%         N/A       100%        8
 Disjunction              Tloc           0%         N/A       100%        8
 Ignition                 Fire           0%         3d3       100%        8
 Lehudib's Crystal Spear  Conj/Erth      0%         10d2      100%        8
 Maxwell's Capacitive Co  Air            0%         ∞         100%        8
 Necromutation            Tmut/Necr      0%         N/A       100%        8
 Summon Horrible Things   Summ           0%         N/A       100%        8
 Death's Door             Necr           0%         N/A       100%        9
 Dragon's Call            Summ           0%         N/A       100%        9
 Polar Vortex             Ice            0%         N/A       100%        9


Dungeon Overview and Level Annotations

Branches:
Dungeon (1/1)

Altars:
Ashenzari
Cheibriados
Dithmenos
Elyvilon
Fedhas
Gozag
Hepliaklqana
Kikubaaqudgha
Makhleb
Nemelex Xobeh
Okawaru
Qazlal
Ru
Sif Muna
Trog
Uskayaw
Vehumet
Wu Jian
Xom
Yredelemnul
Zin
The Shining One
Jiyva
Lugonu


Innate Abilities, Weirdness & Mutations

You are completely covered in rugged brown scales. (AC +3, +7% HP)
Armour fits poorly on your strangely shaped body.
You have a long armoured tail.
You roll when moving toward enemies. (Rampage)
Your long tongue fully drains potion bottles. (2x potion effects)
Your tongue gives you trouble enunciating. (1.5x scroll delay)


Message History

You start resting.
s - a wand of mindburst (53) (gained 6 charges)
Your pack is full.
Things that are here:
a +0 demon whip of draining; a ring of protection from fire; a staff of cold You start resting.
Magic restored.
You start resting.
You start resting.
You start resting.
You see here a +0 pair of boots of rampaging.
You see here a +1 robe of willpower.
Things that are here:
a +0 demon whip of electrocution; a +0 demon whip; quicksilver dragon scales
Things that are here:
+0 pearl dragon scales; a +0 demon whip You see here a +1 demon whip of flaming.
R - a wand of polymorph (27) (gained 5 charges)
There is a transporter here.
An exit appears before you!
You enter the transporter and appear at another place.
Found the Orb of Zot.
Found a staircase leading out of the dungeon.
Unknown command.
There is a transporter landing site here.
You start resting.
You start resting.
You start resting.
HP restored.
You start waiting.
You see here the Orb of Zot.
You start waiting.
You pick up the Orb of Zot!
The Orb lets out a hideous shriek!
The lords of Pandemonium are not amused.
Beware!
Now all you have to do is get back out of the dungeon!
There is a staircase leading out of the dungeon here.
You can't go down here!
Unknown command.
You can't go down here!
You have escaped!

...†.†......▓..▓.......▓..▓...8©8
....)|......▓.▓▓▓.....▓▓▓.▓...||.
..)†........▓..▓.......▓..▓......
............▓.............▓......
............▓......©......▓......
............▓▓▓▓▓▓▓▓▓▓▓▓▓▓▓......
▓.......▓...▓8888888888888▓......
.▓.....▓.▓..▓8.☼○........8▓..▓...
▓≈≈.≈...▓.≈.▓8.○@.....©..8▓.▓....
.≈..≈......≈▓8..○°.......8▓....©.
...≈©.......▓8888888888888▓▓▓▓▓▓▓
▓▓▓▓▓▓▓▓▓▓▓▓▓▓▓▓▓▓▓▓▓▓▓▓▓▓▓▓▓▓▓▓▓
|†|..8©8[.......▓...)....8©8)..:.
|.....".).)):.†.▓..../))."[...[).
))........))|)..▓).).[[)|.)......
[)......[.))))[†▓.|...)).).)...).
..........†.....▓.......)|....|..


There were no monsters in sight!

Vanquished Creatures
  An ancient lich (D)
  A golden dragon (D)
  8 pearl dragons (D)
  6 hellephants (D)
  3 Brimstone Fiends (D)
  A lich (D)
  3 deep elf blademasters (D)
  A quicksilver dragon (D)
  11 searing wretches (D)
  5 titans (D)
  2 deep elf master archers (D)
  2 rockslimes (D)
  5 nagarajas (D)
  2 shadow dragons (D)
  14 frost giants (D)
  A draconian monk (D)
  11 daevas (D)
  3 deep elf sorcerers (D)
  19 fire giants (D)
  2 iron dragons (D)
  8 angels (D)
  4 ghost moths (D)
  A ghoul (D)
  22 balrugs (D)
  A draconian annihilator (D)
  10 stone giants (D)
  12 ophanim (D)
  2 green draconians (D)
  A black draconian (D)
  8 apis (D)
  4 white draconians (D)
  4 deep elf annihilators (D)
  3 spark wasps (D)
  3 yellow draconians (D)
  14 ettins (D)
  A blizzard demon (D)
  4 merfolk impalers (D)
  2 merfolk javelineers (D)
  7 fire dragons (D)
  3 deep elf high priests (D)
  4 hydras (D)
  11 ice dragons (D)
  A radroach (D)
  A boulder beetle (D)
  7 anacondas (D)
  3 salamander tyrants (D)
  3 hell hogs (D)
  A death yak (D)
  4 naga warriors (D)
  4 dancing weapons (D)
  4 deep elf knights (D)
  A spriggan berserker (D)
  A sun moth (D)
  A pharaoh ant (D)
  An orb spider (D)
  2 sea snakes (D)
  5 death drakes (D)
  9 cherubim (D)
  3 swamp dragons (D)
  3 deep elf archers (D)
  A steelbarb worm (D)
  4 deep elf pyromancers (D)
  2 deep elf zephyrmancers (D)
  2 necromancers (D)
  A manticore (D)
  17 cyclopes (D)
  A shining eye (D)
  4 wolf spiders (D)
  A moth of wrath (D)
  10 black mambas (D)
  7 guardian serpents (D)
  4 naga magi (D)
  A torpor snail (D)
  A demonic crawler (D)
  An eye of devastation (D)
  A hellion (D)
  4 cane toads (D)
  4 freezing wraiths (D)
  A komodo dragon (D)
  5 rime drakes (D)
  5 ice devils (D)
  A wind drake (D)
  A hornet (D)
  A snapping turtle (D)
  A merfolk (D)
  6 polar bears (D)
  2 tarantellas (D)
  2 air elementals (D)
  A jumping spider (D)
  A culicivora (D)
  A fire elemental (D)
  A shadow (D)
  A vampire (D)
  A water elemental (D)
  A yak (D)
  9 slime creatures (D)
  8 wyverns (D)
  A yak (shapeshifter) (D)
  A golden eye (D)
  A golden eye (shapeshifter) (D)
  2 redbacks (D)
  7 steam dragons (D)
  6 nagas (D)
  6 acid dragons (D)
  10 water moccasins (D)
  4 floating eyes (D)
  5 swamp drakes (D)
  3 orc warriors (D)
  2 ice beasts (D)
  A black bear (shapeshifter) (D)
  3 wolves (D)
  A boggart (shapeshifter) (D)
  A bullfrog (D)
  A necrophage (D)
  3 wights (D)
  2 orc priests (D)
  7 jellies (D)
  An orc wizard (D)
  3 adders (D)
  A river rat (D)
  3 white imps (D)
  4 ball pythons (D)
  2 bat zombies (D)
  10 endoplasms (D)
  A jackal (D)
  A ball python zombie (D)
  A giant cockroach simulacrum (D)
  A giant cockroach zombie (D)
  A quokka zombie (D)
  3 creeping infernos (D)
  9 fire vortices (D)
  A spectral weapon (D)
508 creatures vanquished.

Vanquished Creatures (collateral kills)
  A titan (D)
  A shadow dragon (D)
  An iron dragon (D)
  An emperor scorpion (D)
  An entropy weaver (D)
  A fire dragon (D)
  An ice dragon (D)
  A steelbarb worm (D)
  2 shining eyes (D)
  A cyclops (D)
  A torpor snail (D)
  A komodo dragon (D)
  A culicivora (D)
  2 yaks (D)
  A steam dragon (D)
  A naga (D)
  A floating eye (D)
  An ice beast (shapeshifter) (D)
  2 jellies (D)
  An endoplasm (D)
  2 jackals (D)
25 creatures vanquished.

Vanquished Creatures (others)
  2 hellephants (D)
  A searing wretch (D)
3 creatures vanquished.

Grand Total: 536 creatures vanquished

Notes
Turn   | Place    | Note
-------+----------+-------------------------------------------
     0 | D        | BigDaddyOpFi the Armataur Fighter began the quest for the
                  | Orb.
     0 | D        | Reached XP level 1. HP: 19/19 MP: 1/1
     4 | D        | Found a shimmering blue altar of Sif Muna.
     4 | D        | Found a bloodstained altar of Trog.
     4 | D        | Found a sacrificial altar of Ru.
     4 | D        | Found a stormy altar of Qazlal.
     4 | D        | Found an iron altar of Okawaru.
     5 | D        | Found a sparkling altar of Nemelex Xobeh.
     5 | D        | Found a blossoming altar of Fedhas.
     5 | D        | Found the +6 Majin-Bo {spellvamp, MP+6 Int+6}
     5 | D        | Found the +27 heavy crossbow "Sniper" {heavy, Acc+∞ SInv}
     5 | D        | Found the +10 dark maul {heavy}
     5 | D        | Found the +15 Maxwell's patent armour {-Cast -Tele rElec
                  | Will+ rCorr}
     5 | D        | Found the +18 shield of the Gong {Loud rN+ Will+ rCorr
                  | EV-5}
     5 | D        | Found the +16 obsidian axe {drain, demonic, Mesm Drain Fly
                  | SInv}
     5 | D        | Found the +7 great mace "Firestarter" {flame, immolate,
                  | rFlCloud rF++}
     5 | D        | Found the +6 shillelagh "Devastator" {shatter}
     5 | D        | Found the +11 plutonium sword {Contam Stlth-}
     5 | D        | Found the +8 lance "Wyrmbane" {slay drac, rPois rF+ rC+
                  | AC+3}
     5 | D        | Found the +9 sword of Zonguldrok {reap}
     5 | D        | Found the +13 scythe of Curses {drain, curses, Drain}
     5 | D        | Found the +9 sword of Power {lifebolt}
     5 | D        | Found the +7 mace of Variability {chaos, chaos arc}
     5 | D        | Found the +11 Singing Sword {sonic wave}
     5 | D        | Found the +8 storm bow {elec, penet}
     7 | D        | Found a transporter.
     7 | D        | Found an ancient bone altar of Kikubaaqudgha.
     7 | D        | Found a viscous altar of Jiyva.
     7 | D        | Found a corrupted altar of Lugonu.
     7 | D        | Found a hazy altar of Hepliaklqana.
     7 | D        | Found a burning altar of Makhleb.
     7 | D        | Found an opulent altar of Gozag.
    61 | D        | Became a worshipper of Qazlal Stormbringer
    62 | D        | Reached skill level 5 in Fighting
    62 | D        | Reached XP level 2. HP: 31/31 MP: 2/2
    62 | D        | Reached XP level 3. HP: 38/38 MP: 3/3
    77 | D        | Entered arena 2.
    77 | D        | Noticed a deep elf pyromancer
    77 | D        | Noticed an air elemental
    77 | D        | Found a transporter.
    80 | D        | Killed an air elemental
    81 | D        | Reached skill level 5 in Axes
    81 | D        | Reached XP level 4. HP: 47/47 MP: 3/7
    81 | D        | Reached XP level 5. HP: 53/53 MP: 3/8
    85 | D        | Killed a deep elf pyromancer
    86 | D        | Reached XP level 6. HP: 64/64 MP: 3/11
    86 | D        | Reached XP level 7. HP: 70/70 MP: 3/12
    92 | D        | Entered arena 3.
    92 | D        | Found a transporter.
    94 | D        | Reached * piety under Qazlal
   106 | D        | Entered arena 4.
   106 | D        | Noticed a golden eye
   106 | D        | Found a transporter.
   109 | D        | Killed a golden eye
   109 | D        | Reached ** piety under Qazlal
   111 | D        | Reached skill level 10 in Armour
   112 | D        | Reached XP level 8. HP: 79/79 MP: 7/14
   122 | D        | Entered arena 5.
   122 | D        | Found a transporter.
   123 | D        | Reached *** piety under Qazlal
   133 | D        | Got the amulet of Kotrulaoll {Acrobat Fly Dex+8}
   135 | D        | Got Ucsink's Quarto of the Adder
   148 | D        | Entered arena 6.
   148 | D        | Found a transporter.
   151 | D        | Reached **** piety under Qazlal
   161 | D        | Entered arena 7.
   162 | D        | Found a transporter.
   164 | D        | Reached skill level 10 in Invocations
   165 | D        | Reached ***** piety under Qazlal
   166 | D        | Reached skill level 10 in Shields
   173 | D        | Entered arena 8.
   173 | D        | Noticed a black mamba
   173 | D        | Noticed a black mamba
   174 | D        | Found a transporter.
   177 | D        | Killed a black mamba
   178 | D        | Reached XP level 9. HP: 69/87 MP: 15/17
   178 | D        | Killed a black mamba
   178 | D        | Reached ****** piety under Qazlal
   196 | D        | Entered arena 9.
   196 | D        | Noticed a shining eye
   197 | D        | Found a transporter.
   197 | D        | Paralysed by a floating eye for 2 turns
   201 | D        | Killed a shining eye
   208 | D        | Got the ring "Myeraukk" {rF+ rN++ Will- Str+2}
   221 | D        | Entered arena 10.
   221 | D        | Noticed a shining eye
   222 | D        | Found a transporter.
   225 | D        | Reached XP level 10. HP: 96/98 MP: 19/19
   226 | D        | Paralysed by a floating eye for 2 turns
   227 | D        | Killed a shining eye
   228 | D        | Reached skill level 15 in Armour
   243 | D        | Entered arena 11.
   243 | D        | Noticed a deep elf knight
   243 | D        | Noticed a deep elf knight
   243 | D        | Noticed a deep elf archer
   243 | D        | Noticed a +1 glaive of venom
   243 | D        | Noticed a deep elf knight
   243 | D        | Noticed a deep elf pyromancer
   243 | D        | Noticed a +3 heavy glaive
   243 | D        | Noticed a deep elf pyromancer
   243 | D        | Paralysed by an air elemental for 1 turns
   244 | D        | Found a transporter.
   245 | D        | Killed a deep elf archer
   245 | D        | Killed a deep elf pyromancer
   245 | D        | Killed a deep elf pyromancer
   245 | D        | Killed a deep elf knight
   246 | D        | Reached skill level 10 in Fighting
   246 | D        | Killed a +1 glaive of venom
   246 | D        | Killed a +3 heavy glaive
   246 | D        | Killed a deep elf knight
   246 | D        | Killed a deep elf knight
   247 | D        | Reached skill level 10 in Axes
   247 | D        | Reached skill level 15 in Invocations
   247 | D        | Reached XP level 11. HP: 107/109 MP: 3/22
   439 | D        | Got the ring of Trepidation {Will+ rCorr}
   445 | D        | Entered arena 12.
   445 | D        | Noticed a spark wasp
   445 | D        | Noticed a radroach
   445 | D        | Noticed a spark wasp
   445 | D        | Noticed a wolf spider
   445 | D        | Noticed a spark wasp
   446 | D        | Noticed a wolf spider
   446 | D        | Killed a wolf spider
   446 | D        | Killed a radroach
   447 | D        | Noticed an emperor scorpion
   448 | D        | Killed a spark wasp
   449 | D        | Killed a spark wasp
   450 | D        | Killed a spark wasp
   452 | D        | Killed a wolf spider
   459 | D        | Killed an emperor scorpion
   460 | D        | Found the macabre finger necklace {Finger+ rN+}
   464 | D        | Found a transporter.
   497 | D        | Got the ring "Giegunemp" {Wiz Fly Dex+4}
   772 | D        | Entered arena 13.
   772 | D        | Noticed a rockslime
   773 | D        | Found a transporter.
   779 | D        | Killed a rockslime
   781 | D        | Noticed a sixfirhy
   782 | D        | Reached XP level 12. HP: 82/120 MP: 16/24
   830 | D        | Got the ring "Kavow" {Ice Str+2}
   846 | D        | Got the ring "Zeufar" {Will++ Str+6 Int+4 SInv}
   848 | D        | Got the Exposition on Burning and Feathers
   942 | D        | Entered arena 14.
   942 | D        | Noticed a yellow draconian
   942 | D        | Noticed a yellow draconian annihilator
   943 | D        | Noticed a green draconian monk
   943 | D        | Noticed a white draconian
   943 | D        | Noticed a white draconian
   943 | D        | Identified the +1 halberd "Bokim" {spect, rElec rPois
                  | Will++}
   943 | D        | Noticed a black draconian
   943 | D        | Identified the ring "Wakiutti" {rElec EV+5 Slay+2}
   943 | D        | Noticed a green draconian
   943 | D        | Noticed a white draconian
   943 | D        | Noticed a yellow draconian
   943 | D        | Noticed a white draconian
   943 | D        | Noticed a green draconian
   943 | D        | Noticed a yellow draconian
   944 | D        | Killed a yellow draconian
   944 | D        | Killed a white draconian
   945 | D        | Reached skill level 15 in Shields
   945 | D        | Killed a yellow draconian annihilator
   945 | D        | Killed a white draconian
   945 | D        | Killed a green draconian
   945 | D        | Killed a yellow draconian
   945 | D        | Killed a white draconian
   946 | D        | Killed a white draconian
   946 | D        | Killed a green draconian
   946 | D        | Killed a green draconian monk
   947 | D        | Found a transporter.
   952 | D        | Killed a black draconian
   954 | D        | Killed a yellow draconian
  1130 | D        | Entered arena 15.
  1130 | D        | Noticed a merfolk javelineer
  1131 | D        | Noticed a merfolk impaler
  1131 | D        | Noticed a merfolk impaler
  1131 | D        | Noticed a merfolk impaler
  1131 | D        | Noticed a merfolk impaler
  1132 | D        | Noticed a merfolk javelineer
  1132 | D        | Killed a merfolk impaler
  1132 | D        | Killed a merfolk javelineer
  1132 | D        | Killed a merfolk impaler
  1132 | D        | Killed a merfolk javelineer
  1133 | D        | Reached XP level 13. HP: 112/131 MP: 17/26
  1133 | D        | Killed a merfolk impaler
  1133 | D        | Killed a merfolk impaler
  1136 | D        | Found a transporter.
  1256 | D        | Got the ring of Wisaoka {rC+ rN+ Dex+3}
  1274 | D        | Entered arena 16.
  1275 | D        | Noticed a rockslime
  1276 | D        | Killed a rockslime
  1277 | D        | Found a transporter.
  1369 | D        | Entered arena 17.
  1371 | D        | Noticed a ghoul
  1371 | D        | Noticed a lich
  1373 | D        | Killed a lich
  1374 | D        | Found a transporter.
  1380 | D        | Killed a ghoul
  1442 | D        | Entered arena 18.
  1446 | D        | Found a transporter.
  1454 | D        | Reached skill level 15 in Fighting
  1471 | D        | Got the Codex of the Morgue
  1477 | D        | Got the Incunabulum of the Vulture
  1484 | D        | Got the amulet "Boudd" {Spirit +Inv Str+3}
  1494 | D        | Entered arena 19.
  1496 | D        | Noticed a fire dragon
  1496 | D        | Noticed a fire dragon
  1496 | D        | Noticed a fire dragon
  1497 | D        | Found the +8 frozen axe "Frostbite" {freeze, freezing
                  | cloud, *Noise Fly rC+}
  1498 | D        | Killed a fire dragon
  1498 | D        | Killed a fire dragon
  1498 | D        | Killed a fire dragon
  1499 | D        | Reached XP level 14. HP: 144/144 MP: 19/29
  1500 | D        | Found a transporter.
  1578 | D        | Got the ring "Wavan" {Wiz rPois rF+}
  1589 | D        | Entered arena 20.
  1593 | D        | Noticed a ghost moth
  1593 | D        | Noticed a ghost moth
  1594 | D        | Noticed a ghost moth
  1594 | D        | Noticed a ghost moth
  1594 | D        | Found the +7 great mace "Undeadhunter" {deathbane, rN+}
  1598 | D        | Killed a ghost moth
  1598 | D        | Killed a ghost moth
  1599 | D        | Killed a ghost moth
  1607 | D        | Killed a ghost moth
  1613 | D        | Reached skill level 15 in Axes
  1618 | D        | Reached skill level 5 in Evocations
  1618 | D        | Found a transporter.
  1692 | D        | Got the +1 hat "Dexzur" {Dex+3}
  1705 | D        | Entered arena 21.
  1709 | D        | Noticed a deep elf blademaster
  1709 | D        | Noticed a deep elf master archer
  1709 | D        | Noticed a deep elf blademaster
  1709 | D        | Noticed a deep elf sorcerer
  1709 | D        | Identified the staff of earth "Heibb" {Fragile rElec Dex+3}
  1709 | D        | Found the +2 pair of slick slippers {slick, slippery, EV+4}
  1709 | D        | Noticed a deep elf blademaster
  1709 | D        | Noticed a deep elf master archer
  1709 | D        | Identified the +2 quarterstaff of Cataclysm {freeze, rF+
                  | Int+3 Dex-2}
  1709 | D        | Noticed a deep elf sorcerer
  1710 | D        | Noticed a deep elf sorcerer
  1710 | D        | Identified the amulet of Wu Jian's Pride {Faith Rampage
                  | rElec MP+9 Stlth+}
  1710 | D        | Found a transporter.
  1711 | D        | Killed a deep elf master archer
  1711 | D        | Killed a deep elf blademaster
  1711 | D        | Killed a deep elf sorcerer
  1712 | D        | Killed a deep elf sorcerer
  1712 | D        | Killed a deep elf sorcerer
  1712 | D        | Killed a deep elf master archer
  1712 | D        | Killed a deep elf blademaster
  1713 | D        | Reached XP level 15. HP: 149/157 MP: 7/30
  1716 | D        | Killed a deep elf blademaster
  1735 | D        | Got the +0 cloak of Unambiguity {Rampage rCorr}
  1842 | D        | Entered arena 22.
  1845 | D        | Noticed a frost giant
  1846 | D        | Noticed a frost giant
  1846 | D        | Noticed a frost giant
  1846 | D        | Noticed a frost giant
  1847 | D        | Found a transporter.
  1848 | D        | Killed a frost giant
  1848 | D        | Killed a frost giant
  1848 | D        | Killed a frost giant
  1848 | D        | Killed a frost giant
  1849 | D        | Reached skill level 10 in Evocations
  1859 | D        | Got the ring of Esiosh {rPois rC+ rCorr}
  1883 | D        | Got Etuylos's Compendium of Bad Luck and the Tundra
  1894 | D        | Entered arena 23.
  1899 | D        | Noticed a fire giant
  1899 | D        | Noticed a fire giant
  1899 | D        | Noticed a fire giant
  1899 | D        | Noticed a fire giant
  1899 | D        | Noticed a fire giant
  1900 | D        | Noticed a frost giant
  1900 | D        | Noticed a fire giant
  1900 | D        | Noticed a frost giant
  1900 | D        | Noticed a titan
  1900 | D        | Noticed a titan
  1900 | D        | Noticed a fire giant
  1900 | D        | Noticed a frost giant
  1900 | D        | Noticed a fire giant
  1900 | D        | Noticed a fire giant
  1901 | D        | Killed a titan
  1901 | D        | Killed a fire giant
  1901 | D        | Killed a fire giant
  1901 | D        | Killed a fire giant
  1901 | D        | Killed a frost giant
  1901 | D        | Killed a frost giant
  1901 | D        | Killed a fire giant
  1901 | D        | Killed a fire giant
  1901 | D        | Killed a fire giant
  1902 | D        | Found a transporter.
  1902 | D        | Killed a frost giant
  1903 | D        | Killed a fire giant
  1903 | D        | Killed a fire giant
  1903 | D        | Killed a fire giant
  1903 | D        | Killed a titan
  1904 | D        | Reached XP level 16. HP: 115/171 MP: 15/32
  2065 | D        | Entered arena 24.
  2070 | D        | Noticed a titan
  2071 | D        | Noticed a titan
  2071 | D        | Noticed a titan
  2071 | D        | Identified the amulet "Aziuwics" {Reflect Dex+3 SH+5}
  2072 | D        | Noticed a titan
  2073 | D        | Killed a titan
  2073 | D        | Killed a titan
  2073 | D        | Killed a titan
  2074 | D        | Reached skill level 27 in Armour
  2074 | D        | Reached skill level 15 in Evocations
  2075 | D        | Found a transporter.
  2082 | D        | Killed a titan
  2210 | D        | Entered arena 25.
  2216 | D        | Noticed a golden dragon
  2217 | D        | Noticed a shadow dragon
  2217 | D        | Noticed a shadow dragon
  2217 | D        | Noticed a quicksilver dragon
  2217 | D        | Noticed a shadow dragon
  2221 | D        | Killed a shadow dragon
  2222 | D        | Killed a golden dragon
  2224 | D        | Killed a quicksilver dragon
  2225 | D        | Found the +5 Lochaber axe {reach-cleave, Poleaxe Drain}
  2225 | D        | Found a transporter.
  2225 | D        | Found the +10 morningstar "Eos" {elec, Halo rElec}
  2227 | D        | Reached skill level 27 in Invocations
  2227 | D        | Killed a shadow dragon
  2229 | D        | Reached XP level 17. HP: 119/188 MP: 22/34
  2272 | D        | Got the Incunable of Necrotic Rime
  2298 | D        | Got the Information on Chilblains and Incandescence
  2519 | D        | Entered arena 26.
  2529 | D        | Found the +6 arbalest "Damnation" {damnation}
  2530 | D        | Identified the +9 spear of Collusion {elec, rC+ Will+ rCorr
                  | Dex+4}
  2530 | D        | Found a transporter.
  2530 | D        | Identified the +1 fire dragon scales of Terror {rPois rF++
                  | rC- Int+2 Dex+3}
  2530 | D        | Identified the ring of the Dowdy God {*Corrode rPois rF+
                  | Will+ Dex+3}
  2531 | D        | Identified the +2 shortbow of Terrible True Grit
                  | {antimagic, rElec}
  2542 | D        | Reached skill level 27 in Shields
  2655 | D        | Got the ring "Jiabli" {rN+ EV+5 Int+3 Stlth+}
  2680 | D        | Got the Discursus on the Jinx
  2690 | D        | Entered arena 27.
  2697 | D        | Noticed a pearl dragon
  2698 | D        | Noticed a pearl dragon
  2698 | D        | Noticed a pearl dragon
  2698 | D        | Noticed a pearl dragon
  2698 | D        | Identified the ring of Soumujak {Fly rCorr Str+5}
  2698 | D        | Noticed a pearl dragon
  2698 | D        | Noticed a pearl dragon
  2698 | D        | Noticed a pearl dragon
  2699 | D        | Killed a pearl dragon
  2699 | D        | Killed a pearl dragon
  2699 | D        | Killed a pearl dragon
  2699 | D        | Killed a pearl dragon
  2699 | D        | Noticed a pearl dragon
  2699 | D        | Killed a pearl dragon
  2701 | D        | Killed a pearl dragon
  2701 | D        | Killed a pearl dragon
  2702 | D        | Reached XP level 18. HP: 133/209 MP: 18/35
  2706 | D        | Killed a pearl dragon
  2712 | D        | Found the +7 Spriggan's Knife {stab, EV+4 Stlth+}
  2713 | D        | Found a transporter.
  3088 | D        | Entered arena 28.
  3096 | D        | Noticed a hellephant
  3096 | D        | Noticed a Brimstone Fiend
  3096 | D        | Noticed an ancient lich
  3097 | D        | Noticed a hellephant
  3097 | D        | Noticed a hellephant
  3097 | D        | Noticed a hellephant
  3097 | D        | Noticed a hellephant
  3097 | D        | Identified the +6 bardiche of the Morning {vamp, rPois
                  | Int+4 Dex+2}
  3097 | D        | Identified the +7 hand axe of the Imbibing Gods {venom,
                  | Int+3}
  3097 | D        | Noticed a hellephant
  3097 | D        | Noticed a Brimstone Fiend
  3098 | D        | Killed a hellephant
  3098 | D        | Killed a hellephant
  3098 | D        | Noticed a hellephant
  3098 | D        | Noticed a hellephant
  3099 | D        | Reached skill level 27 in Fighting
  3100 | D        | Killed a hellephant
  3101 | D        | Reached skill level 27 in Evocations
  3101 | D        | Killed a Brimstone Fiend
  3101 | D        | Killed a hellephant
  3101 | D        | Killed a Brimstone Fiend
  3101 | D        | Killed an ancient lich
  3101 | D        | Killed a hellephant
  3101 | D        | Noticed a Brimstone Fiend
  3102 | D        | Reached skill level 27 in Axes
  3102 | D        | Reached XP level 19. HP: 76/221 MP: 19/36
  3102 | D        | Killed a hellephant
  3102 | D        | Killed a hellephant
  3102 | D        | Killed a hellephant
  3106 | D        | Killed a Brimstone Fiend
  3110 | D        | Found a transporter.
  3198 | D        | Got the ring of the King {Ice rElec}
  3512 | D        | Got the Orb of Zot
  3517 | D        | Escaped with the Orb!

Illustrated notes

Levels and vault maps discovered:
D:        sprint_v [room_start, room_1, room_2, room_3, room_4, room_5, room_6,
          room_7, room_8, room_9, room_10, room_11, room_12, room_13, room_14,
          room_15, room_16, room_17, room_18, room_19, room_20, room_21,
          room_22, room_23, room_24, room_25, room_26, room_27]

Skill      XL: |  1  2  3  4  5  6  7  8  9 10 11 12 13 14 15 16 17 18 19 |
---------------+----------------------------------------------------------+-----
Fighting       | 5 6 7 8 9 11 12 13 15 17 19 21 26 27 | 27.0
Axes           | 4 5 6 7 8 10 11 12 14 15 17 20 24 27 | 27.0
Armour         | 6 7 9 10 13 14 17 19 20 22 24 26 27 | 27.0
Shields        | 6 7 8 9 10 11 13 14 16 18 20 22 25 27 | 27.0
Invocations    | 4 7 8 11 12 15 17 19 22 23 25 27 | 27.0
Evocations     | 8 12 17 23 27 | 27.0
Dodging        | 14 17 | 17.8

Action                     |  1- 3 |  4- 6 |  7- 9 | 10-12 | 13-15 | 16-18 | 19-21 || total
---------------------------+-------+-------+-------+-------+-------+-------+-------++-------
  Melee: Broad axe         |     3 |     4 |    23 |    39 |    45 |    35 |     4 ||   153
         Tailslap          |       |       |     3 |     2 |     6 |     3 |     2 ||    16
 Invoke: Disaster Area     |       |       |       |     8 |     9 |    10 |     2 ||    29
         Elemental Force   |       |       |       |       |       |     1 |       ||     1
         Upheaval          |       |       |       |       |       |       |     1 ||     1
    Use: Potion            |     1 |       |       |       |     7 |     3 |       ||    11
   Stab: Distracted        |       |       |       |     1 |     1 |       |       ||     2
         Paralysed         |       |       |       |       |       |     2 |       ||     2
 Armour: Plate armour      |     3 |     1 |     9 |    29 |    81 |    28 |     3 ||   154
  Dodge: Dodged            |       |       |     3 |       |    28 |     5 |     2 ||    38
         Repelled          |       |       |       |       |     1 |     1 |       ||     2
  Block: Kite shield       |     6 |     3 |    38 |    80 |   154 |    78 |     7 ||   366

Table legend: (Time is in decaauts)
 A = Elapsed time spent in this place.
 B = Non-inter-level travel time spent in this place.
 C = Inter-level travel time spent in this place.
 D = Time resting spent in this place.
 E = Time spent auto-exploring this place.
 F = Levels seen in this place.
 G = Mean time per level.
                   A        B        C        D        E       F      G
               +--------+--------+--------+--------+--------+-----+--------+
         Total |   3518 |   3518 |      0 |   2096 |      0 |   1 | 3518.0 |
       Dungeon |   3518 |   3518 |      0 |   2096 |      0 |   1 | 3518.0 |
               +--------+--------+--------+--------+--------+-----+--------+

Top non-repeatable levels by time:
       D: 3518 daAuts
